 Dungeon Crawl Stone Soup version 0.21.1-1-g345015f (webtiles) character file.

2174 letownia2 the Martial Artist (level 9, -4/66 HPs)
             Began as a Merfolk Transmuter on Mar 15, 2018.
             Was a Believer of Cheibriados.
             Slain by Joseph
             ... wielding a +0 quarterstaff
              (13 damage)
             ... on level 8 of the Dungeon.
             The game lasted 00:16:15 (2594 turns).

letownia2 the Martial Artist (Merfolk Transmuter)   Turns: 2594, Time: 00:16:16

Health: -4/66      AC:  2    Str: 17    XL:     9   Next: 32%
Magic:  12/12      EV: 27    Int: 17    God:    Cheibriados [**....]
Gold:   214        SH:  0    Dex: 23    Spells: 2/12 levels left

rFire    . . .     SeeInvis .     - Unarmed
rCold    . . .     Gourm    .   (shield currently unavailable)
rNeg     . . .     Faith    .   (armour currently unavailable)
rPois    x         Spirit   .   (helmet currently unavailable)
rElec    .         Reflect  .   (cloak currently unavailable)
rCorr    .         Harm     .   (gloves currently unavailable)
MR       .....                  (boots currently unavailable)
Stlth    ++........             (no amulet)
HPRegen  0.21/turn              n - +2 ring of evasion
MPRegen  0.13/turn              (no ring)

@: spider-form (expiring), very slow
A: tiny, (change form in water), (swift swim), (stealthy swim)
a: End Transformation, Bend Time, Renounce Religion


You were on level 8 of the Dungeon.
You worshipped Cheibriados.
Cheibriados was pleased with you.
You were hungry.
You were a venomous arachnid creature.
You visited 2 branches of the dungeon, and saw 9 of its levels.

You collected 214 gold pieces.

Inventory:

Hand Weapons
 b - a +2 rapier of speed
 h - a cursed -3 hand axe
 r - a +2 dagger of electrocution
 s - a +2 flail of protection
 w - a +0 blowgun
Missiles
 a - 30 arrows
 o - 8 tomahawks (quivered)
 x - 16 poisoned needles
Armour
 f - a +1 leather armour of poison resistance (melded)
 g - a +0 pair of gloves (melded)
 t - a +4 ring mail of poison resistance
 z - a +2 leather armour of cold resistance
Jewellery
 n - a +2 ring of evasion (left front leg)
Wands
 y - a wand of polymorph (9)
 A - a wand of disintegration (12)
 C - a wand of enslavement (13)
Scrolls
 j - 2 scrolls of blinking
 k - a scroll of enchant armour
 m - a scroll of enchant weapon
 p - a scroll of amnesia {unknown}
 u - a scroll of magic mapping {unknown}
 v - 2 scrolls of identify
 D - a scroll of noise {unknown}
 E - a scroll of random uselessness {unknown}
 F - a scroll of teleportation {unknown}
Potions
 e - 3 potions of might
 i - a potion of curing
 l - 2 potions of lignification
 B - a potion of heal wounds
Books
 c - a book of Changes

   Spells                             Type                      Level
   a - Beastly Appendage              Transmutation                1
   b - Sticks to Snakes               Transmutation                2
   c - Spider Form                    Transmutation/Poison         3
   d - Ice Form                       Ice/Transmutation            4
   e - Blade Hands                    Transmutation                5
Comestibles
 d - 5 rations
 q - 2 chunks of flesh


   Skills:
 - Level 4.3 Fighting
 - Level 5.5 Dodging
 - Level 10.4 Unarmed Combat
 - Level 2.0 Spellcasting
 + Level 6.3 Transmutations
 - Level 3.1 Ice Magic
 - Level 1.9 Poison Magic


You had 2 spell levels left.
You knew the following spells:

 Your Spells              Type           Power        Failure   Level  Hunger
a - Beastly Appendage     Tmut           ###...       6%          1    #......
i - Ice Form              Ice/Tmut       ###.....     47%         4    #####..
l - Sticks to Snakes      Tmut           ###.....     9%          2    ###....
p - Spider Form           Tmut/Pois      ###.......   26%         3    ###....


Dungeon Overview and Level Annotations

Branches:
Dungeon (8/15)             Temple (1/1) D:4
   Lair: D:8-11

Altars:
Cheibriados
Elyvilon
Fedhas
Hepliaklqana
Kikubaaqudgha
Makhleb
Trog
Uskayaw
Xom
Yredelemnul

Annotations:
D:5 letownia2's ghost, novice MfTm
D:8 Erica; Joseph


Message History

The bullfrog misses you.
Unknown command.
You hit Joseph.
Joseph looks as sick as possible!
Joseph is severely wounded.
The bullfrog hits you.
* * * LOW HITPOINT WARNING * * *
Unknown command.
You bite Joseph!
Joseph is almost dead.
Joseph hits you with an uncursed quarterstaff.
* * * LOW HITPOINT WARNING * * *
The bullfrog hits you.
* * * LOW HITPOINT WARNING * * *
Unknown command.
You are feeling hungry.
You closely miss Joseph.
Joseph is almost dead.
The bullfrog completely misses you.
Joseph hits you with an uncursed quarterstaff!
You die...

.............).##. #.
#..####.......... #.#
##.......##...###.
#..##..##...#...#.###.
####....................
........##...........##.
.......###.########...#.
.##...F....# ####..
......@s(### #.#
.....###.# ###### ###..
... #..##....####...# .
##.##....##......
.##....##..)...
..#......<.....
..#....######## ..#....#
#....#


You could see Joseph and a bullfrog.

Vanquished Creatures
  Prince Ribbit (D:6)
  A hungry ghost (D:8)
  Edmund (D:4)
  Duvessa (D:4)
  2 sky beasts
  An orc warrior (D:8)
  A bullfrog (D:7)
  A big kobold (D:5)
  Blork the orc (D:6)
  Dowan (D:4)
  A water moccasin zombie (D:7)
  4 scorpions
  3 wights (D:8)
  3 killer bees (D:8)
  A howler monkey (D:6)
  2 crimson imps
  A quasit (D:7)
  4 hounds
  An orc priest (D:4)
  A jelly (D:6)
  An orc wizard (D:4)
  An iguana (D:8)
  6 worker ants
  2 adders
  An ooze (D:3)
  An adder skeleton (D:4)
  A worm (D:3)
  2 leopard geckos (D:4)
  14 orcs
  4 giant cockroaches
  A goblin (D:3)
  2 hobgoblins
  6 kobolds (D:5)
  2 leopard gecko skeletons
  A rat (D:2)
77 creatures vanquished.

Notes
Turn   | Place    | Note
-------+----------+-------------------------------------------
     0 | D:1      | letownia2 the Merfolk Transmuter began the quest for the Orb.
     0 | D:1      | Reached XP level 1. HP: 15/15 MP: 3/3
   204 | D:2      | Reached XP level 2. HP: 19/21 MP: 3/5
   253 | D:3      | Learned a level 2 spell: Sticks to Snakes
   306 | D:3      | Reached XP level 3. HP: 26/26 MP: 3/6
   311 | D:3      | Learned a level 3 spell: Spider Form
   335 | D:4      | Noticed a scorpion
   338 | D:4      | Killed a scorpion
   338 | D:4      | Reached skill level 1 in Poison Magic
   338 | D:4      | Reached XP level 4. HP: 34/34 MP: 3/7
   370 | D:4      | Reached skill level 4 in Unarmed Combat
   511 | D:4      | Noticed Duvessa
   513 | D:4      | Noticed Dowan
   553 | D:4      | Killed Duvessa
   553 | D:4      | Reached skill level 5 in Transmutations
   553 | D:4      | Reached XP level 5. HP: 33/39 MP: 1/8
   600 | D:4      | Reached skill level 5 in Unarmed Combat
   600 | D:4      | Reached XP level 6. HP: 40/45 MP: 2/9
   643 | D:4      | Noticed Edmund
   685 | D:4      | Killed Edmund
   685 | D:4      | Reached skill level 6 in Unarmed Combat
   738 | D:4      | Found a staircase to the Ecumenical Temple.
   776 | Temple   | Entered the Ecumenical Temple
   782 | Temple   | Became a worshipper of Cheibriados the Contemplative
   815 | D:5      | Entered Level 5 of the Dungeon
   845 | D:5      | Noticed a phantom
   846 | D:5      | Noticed letownia2's ghost (novice MfTm)
   921 | D:6      | Reached XP level 7. HP: 45/51 MP: 3/10
  1000 | D:6      | Reached skill level 7 in Unarmed Combat
  1047 | D:6      | Noticed Blork the orc
  1066 | D:6      | HP: 1/52 [something (7)]
  1073 | D:6      | Killed Blork the orc
  1308 | D:6      | Found a burning altar of Makhleb.
  1308 | D:6      | Noticed a cacodemon
  1367 | D:5      | Reached XP level 8. HP: 43/60 MP: 8/11
  1373 | D:5      | Reached skill level 5 in Dodging
  1445 | D:4      | Killed Dowan
  1514 | D:4      | Learned a level 4 spell: Ice Form
  1806 | D:6      | Noticed Prince Ribbit
  1821 | D:6      | Killed Prince Ribbit
  1821 | D:6      | Reached skill level 8 in Unarmed Combat
  1959 | D:8      | Reached skill level 9 in Unarmed Combat
  1963 | D:8      | Reached * piety under Cheibriados
  2105 | D:7      | Reached skill level 10 in Unarmed Combat
  2153 | D:8      | Reached XP level 9. HP: 45/65 MP: 5/12
  2233 | D:8      | Noticed Erica
  2456 | D:8      | Found a blossoming altar of Fedhas.
  2460 | D:8      | Found a hazy altar of Hepliaklqana.
  2460 | D:8      | Found a bloodstained altar of Trog.
  2464 | D:8      | Found an ancient bone altar of Kikubaaqudgha.
  2574 | D:8      | Reached ** piety under Cheibriados
  2583 | D:8      | Noticed Joseph
  2594 | D:8      | Slain by Joseph

Skill      XL: |  1  2  3  4  5  6  7  8  9 |
---------------+----------------------------+-----
Transmutations | 3 5 6 |  6.3
Fighting       | 2 3 4 |  4.3
Poison Magic   | 1 |  1.9
Unarmed Combat | 4 5 6 7 10 | 10.4
Dodging        | 4 5 |  5.5
Ice Magic      | 2 3 |  3.1
Spellcasting   | |  2.0

Action                   |  1- 3 |  4- 6 |  7- 9 || total
-------------------------+-------+-------+-------++-------
Melee: Unarmed           |    32 |    66 |   191 ||   289
       Headbutt          |     6 |       |       ||     6
 Cast: Beastly Appendage |     4 |     1 |       ||     5
       Sticks to Snakes  |     1 |       |       ||     1
       Spider Form       |     1 |     9 |    28 ||    38
       Ice Form          |       |       |     2 ||     2
Evoke: Wand              |       |       |     1 ||     1
  Use: Potion            |       |       |     6 ||     6
       Scroll            |       |       |     9 ||     9
 Stab: Sleeping          |     1 |       |       ||     1
       Invisible         |       |       |     1 ||     1
  Eat: Chunk             |       |     1 |     7 ||     8
       Ration            |       |       |     1 ||     1
Armor: Leather armour    |     3 |     1 |     5 ||     9
       Skin              |       |     1 |     6 ||     7
Dodge: Dodged            |    17 |    47 |   180 ||   244
